 Dungeon Crawl Stone Soup version 0.31-a0-559-g03b8d61ab2 (webtiles) character file.

Game seed: 2584031854438045740

36 Ethylacetat the Ducker (level 3, -3/25 HPs)
             Began as an Octopode Gladiator on Aug 17, 2023.
             Killed from afar by Robin (13 damage)
             ... with a puff of flame
             ... on level 2 of the Dungeon.
             The game lasted 00:01:11 (829 turns).

Ethylacetat the Ducker (Octopode Gladiator)          Turns: 829, Time: 00:01:11

Health: -3/25      AC:  1    Str: 13    XL:     3   Next: 37%
Magic:  3/3        EV: 14    Int: 10    God:
Gold:   65         SH:  0    Dex: 15    Spells: 2/2 levels left

rFire   . .          .
                       - Unarmed
rCold   . . .        (no shield)
rNeg    . . .        a - +0 hat
rPois   .            j - amulet of regeneration
rElec   .            (no ring)
rCorr   .            (no ring)
SInv    .            (no ring)
Will    .....        (no ring)
Stlth   ++           (no ring)
HPRegen 1.04/turn    (no ring)
MPRegen 0.08/turn    (no ring)
                     (no ring)

%: no passive effects
@: no status effects
A: almost no armour, amphibious, 8 rings, camouflage 1, gelatinous body 1,
(nimble swimmer 1), tentacles
a: no special abilities


You were on level 2 of the Dungeon.
You visited 1 branch of the dungeon, and saw 2 of its levels.

You collected 65 gold pieces.

Inventory:

Missiles
 b - 3 throwing nets (quivered)
 c - 6 javelins
Armour
 a - a +0 hat (worn)
Jewellery
 j - an amulet of regeneration (around mantle)
Scrolls
 e - a scroll of enchant weapon {unknown}
 f - a scroll of identify {unknown}
 g - a scroll of teleportation {unknown}
 l - a scroll of noise {unknown}
 m - a scroll of amnesia {unknown}
Potions
 d - a potion of lignification {unknown}
 h - a potion of heal wounds {unknown}
 i - a potion of magic {unknown}
 k - a potion of curing {unknown}
 n - a potion of cancellation {unknown}


   Skills:
 + Level 2.4 Fighting
 + Level 2.5 Throwing
 + Level 3.3 Dodging
 + Level 3.3 Unarmed Combat


You had 2 spell levels left.
You didn't know any spells.
Your spell library was empty.

Dungeon Overview and Level Annotations

Branches:
Dungeon (2/15)

Altars:

Annotations:
D:2 Robin


Innate Abilities, Weirdness & Mutations

You cannot wear most types of armour.
You are amphibious.
You can wear up to eight rings at the same time.
Your skin changes colour to match your surroundings (Stealth+).
Your rubbery body absorbs attacks. (AC +1, EV +1)
((You are camouflaged when in or above water. (Stealth+)))
You have tentacles for arms and can constrict up to eight enemies at once.


Message History

The hobgoblin hits you.
You barely miss the hobgoblin. Your grab misses the hobgoblin.
Robin throws the goblin at you! The hobgoblin closely misses you.
The goblin closely misses you.
You tentacle-slap the hobgoblin. Your grab misses the hobgoblin.
The hobgoblin is moderately wounded.
Robin closely misses you. The hobgoblin hits you.
The goblin hits you with a +0 club.
You tentacle-slap the hobgoblin but do no damage.
Your grab misses the hobgoblin. Your squeeze misses the hobgoblin.
The hobgoblin is lightly wounded.
The hobgoblin hits you. The goblin misses you.
Robin hits you from afar with a +0 spear.
You tentacle-slap the goblin. Your grab misses the goblin.
Your squeeze misses the goblin.
The goblin is moderately wounded.
Robin roars a battlecry!
The goblins go into a battle-frenzy!
The hobgoblin closely misses you. The goblin hits you with a +0 club.
* * * LOW HITPOINT WARNING * * *
You hear a shout! x2
Okay, then.
You tentacle-slap the goblin. You grab the goblin. You squeeze the goblin.
You kill the goblin!
Robin hits you from afar with a +0 spear.
* * * LOW HITPOINT WARNING * * *
The hobgoblin hits you.
* * * LOW HITPOINT WARNING * * *
Unknown command.
You tentacle-slap the hobgoblin.
You kill the hobgoblin!
Robin completely misses you.
Unknown command.
Things that are here:
a +0 club; a +0 sling; a goblin corpse Robin's bangles clink loudly.
Robin points. "Kill!"
Robin zaps a wand.
The puff of flame hits you!
Ouch! That really hurt!
You die...

#...ggggg...g.
#)######...###
#†# ..# #)# ##
#g# #g# #.# #.#
#@###### ##+##
#......# #...#
######.#####...#
#.#...#...###
#.#..........
#.#.......†..
#.#<....##...
#.#.....###..
#.#.....# ##.


You could see Robin and a hobgoblin (strong).

Vanquished Creatures
  A worm (D:2)
  2 ball pythons
  2 endoplasms (D:1)
  2 giant cockroaches (D:1)
  8 goblins
  2 hobgoblins (D:2)
  A quokka (D:1)
  6 bats (D:1)
  A kobold (D:1)
  4 rats (D:1)
29 creatures vanquished.

Notes
Turn   | Place    | Note
-------+----------+-------------------------------------------
     0 | D:1      | Ethylacetat the Octopode Gladiator began the quest for the
                  | Orb.
     0 | D:1      | Reached XP level 1. HP: 14/14 MP: 1/1
   151 | D:1      | Reached XP level 2. HP: 19/19 MP: 2/2
   551 | D:1      | Reached XP level 3. HP: 21/25 MP: 3/3
   790 | D:2      | Noticed Robin
   829 | D:2      | Killed from afar by Robin

Illustrated notes

Levels and vault maps discovered:
D:1:      lightli_arrival_chessboard, layout_loops_ring, dk_noncrumbling_3
D:2:      layout_basic, minmay_misc_feat_square, uniq_robin

Action                     || total
---------------------------++-------
  Melee: Unarmed           ||    66
         Constrict         ||    17
         Tentacles         ||     8
         Punch             ||     2
   Stab: Sleeping          ||     5
 Armour: Skin              ||     8
  Dodge: Dodged            ||    59

Table legend: (Time is in decaauts)
 A = Elapsed time spent in this place.
 B = Non-inter-level travel time spent in this place.
 C = Inter-level travel time spent in this place.
 D = Time resting spent in this place.
 E = Time spent auto-exploring this place.
 F = Levels seen in this place.
 G = Mean time per level.
                   A        B        C        D        E       F      G
               +--------+--------+--------+--------+--------+-----+--------+
         Total |    825 |    820 |      5 |      0 |    634 |   2 |  412.5 |
       Dungeon |    825 |    820 |      5 |      0 |    634 |   2 |  412.5 |
               +--------+--------+--------+--------+--------+-----+--------+

Top non-repeatable levels by time:
     D:1: 736 daAuts
     D:2: 89 daAuts
